 Dungeon Crawl Stone Soup version 0.32-a0-779-g362cfcae2a (webtiles) character file.

Game seed: 9914421403632828956

61950 Strat the Thaumaturge (level 14, -9/84 HPs)
             Began as a Deep Elf Conjurer on Mar 14, 2024.
             Was a High Priest of Hepliaklqana.
             Mangled by a sun demon (17 damage)
             ... summoned by an orc high priest
             ... on level 2 of the Orcish Mines on Mar 19, 2024.
             The game lasted 01:13:19 (26438 turns).

Strat the Thaumaturge (Deep Elf Conjurer)          Turns: 26438, Time: 01:13:20

Health: -9/84      AC: 16    Str:  4    XL:     14   Next: 62%
Magic:  12/34      EV: 22    Int: 29    God:    Hepliaklqana [*****.]
Gold:   2180       SH:  0    Dex: 17    Spells: 10/42 levels left

rFire   . . .        b - +0 short sword (venom)
rCold   + . .        (no shield)
rNeg    . . .        t - +0 steam dragon scales
rPois   +            s - +0 helmet
rElec   .            k - +2 cloak {Stlth+}
rCorr   +            q - +0 pair of gloves
SInv    .            x - +2 pair of slick slippers {slick, slippery, EV+4}
Will    +....        i - amulet of regeneration
Stlth   ++++         y - ring of Qoucocsi {Wiz rPois rCorr}
HPRegen 1.14/turn    v - ring of Isaosaq {rC+ AC+4 Dex+4}
MPRegen 0.24/turn

%: wizardry (x1)
@: about to teleport
A: reduced essence, subdued magic 1
a: Renounce Religion, Recall Ancestor, Ancestor Identity, Transference, Idealise


You were on level 2 of the Orcish Mines.
You worshipped Hepliaklqana.
Hepliaklqana was extremely pleased with you.
You visited 3 branches of the dungeon, and saw 20 of its levels.

You collected 2180 gold pieces.

Inventory:

Hand Weapons
 a - a +2 dagger of freezing
 b - a +0 short sword of venom (weapon)
 z - a +0 short sword of draining
Missiles
 E - 4 throwing nets
Armour
 k - a +2 cloak of stealth (worn)
 o - a +1 robe of fire resistance
 q - a +0 pair of gloves (worn)
 s - a +0 helmet (worn)
 t - +0 steam dragon scales (worn)
 x - the +2 pair of slick slippers (worn) {slick, slippery, EV+4}
   (You found it on level 7 of the Dungeon)

   Slick:     Its wearer cannot be constricted, engulfed, netted, webbed, or
   stopped by binding sigils.
   Slippery:  Its wearer slips away from damaging melee attacks, pulling the
   attacker onward.
   EV+4:      It affects your evasion (+4).
Jewellery
 f - a ring of protection from fire
 i - an amulet of regeneration (around neck)
 v - the ring of Isaosaq (right hand) {rC+ AC+4 Dex+4}
   (You acquired it on level 7 of the Dungeon)

   [ring of protection]

   AC+4:      It affects your AC (+4).
   Dex+4:     It affects your dexterity (+4).
   rC+:       It protects you from cold.
 w - a +5 ring of evasion
 y - the ring of Qoucocsi (left hand) {Wiz rPois rCorr}
   (You took it off an orc on level 7 of the Dungeon)

   [ring of wizardry]

   Wiz:       It improves your spell success rate.
   rPois:     It protects you from poison.
   rCorr:     It protects you from acid and corrosion.
 L - a +6 ring of intelligence
Wands
 h - a wand of polymorph (5)
 p - a wand of warping (26)
 u - a wand of charming (27)
 D - a wand of acid (3)
 J - a wand of flame (28)
Scrolls
 d - 2 scrolls of fog
 e - 3 scrolls of amnesia
 g - 6 scrolls of identify
 j - 2 scrolls of enchant armour
 l - 6 scrolls of vulnerability
 m - a scroll of revelation
 B - 2 scrolls of silence
 G - a scroll of teleportation
 I - a scroll of brand weapon
Potions
 c - 3 potions of lignification
 n - 6 potions of curing
 r - 4 potions of might
 A - a potion of enlightenment
 C - 2 potions of mutation
 F - 3 potions of berserk rage
 K - a potion of brilliance
 M - a potion of resistance


   Skills:
 + Level 13.6 Fighting
 + Level 12.0 Dodging
 - Level 5.0 Stealth
 + Level 14.5 Spellcasting
 - Level 10.0 Conjurations
 - Level 8.0 Summonings
 - Level 2.0 Translocations
 - Level 2.0 Alchemy
 - Level 10.0 Invocations


You had 10 spell levels left.
You knew the following spells:

 Your Spells              Type           Power      Damage    Failure   Level
a - Magic Dart            Conj           100%       1d8       0%          1
b - Searing Ray           Conj           100%       2d8       1%          2
c - Fulminant Prism       Conj/Alch      21%        3d12      1%          4
d - Iskenderun's Mystic   Conj/Tloc      42%        2d10      1%          4
e - Apportation           Tloc           50%        N/A       1%          1
f - Flame Wave            Conj/Fire      38%        2d10      1%          4
g - Swiftness             Air            16%        N/A       2%          3
h - Summon Lightning Spi  Summ/Air       34%        N/A       1%          4
i - Mephitic Cloud        Conj/Alch/Air  34%        N/A       1%          3
j - Summon Cactus Giant   Summ           25%        N/A       4%          6

Your spell library contained the following spells:

 Spells                   Type           Power      Damage    Failure   Level
 Shock                    Conj/Air       100%       1d9       1%          1
 Slow                     Hex            64%        N/A       1%          1
 Ensorcelled Hibernation  Hex/Ice        32%        N/A       1%          2
 Jinxbite                 Hex            32%        N/A       1%          2
 Scorch                   Fire           32%        2d6       1%          2
 Call Canine Familiar     Summ           51%        N/A       1%          3
 Dazzling Flash           Conj/Hex       76%        N/A       1%          3
 Animate Armour           Summ/Erth      68%        N/A       1%          4
 Confusing Touch          Hex            16%        N/A       2%          3
 Frozen Ramparts          Ice            32%        1d5       2%          3
 Ozocubu's Armour         Ice            16%        N/A       2%          3
 Passwall                 Erth           16%        N/A       2%          3
 Sigil of Binding         Hex            16%        N/A       2%          3
 Vampiric Draining        Necr           16%        2d7       2%          3
 Dimensional Bullseye     Hex/Tloc       10%        N/A       5%          4
 Airstrike                Air            8%         2d(2-18)  9%          4
 Alistair's Intoxication  Alch           16%        N/A       10%         5
 Curse of Agony           Necr           16%        N/A       22%         5
 Lee's Rapid Deconstruct  Erth           8%         3d7*      22%         5
 Metabolic Englaciation   Hex/Ice        8%         N/A       22%         5
 Silence                  Hex/Air        8%         N/A       22%         5


Dungeon Overview and Level Annotations

Branches:
Dungeon (13/15)            Temple (0/1) D:7            Lair (5/5) D:11
  Swamp (0/4) Lair:2       Spider (0/4) Lair:2        Slime (0/5) Lair:5
    Orc (2/2) D:9             Elf (0/3) Orc:2
 Vaults: D:13-14

Altars:
Dithmenos
Fedhas
Hepliaklqana
Makhleb
Sif Muna
Uskayaw
Vehumet
Wu Jian
The Shining One
Beogh
Jiyva

Shops:
D:5 *   D:8 [   D:9 [   Orc:2 =

Portals:
Trove: D:11 (give 6 potions of haste)

Annotations:
D:8 1 runed translucent door


Innate Abilities, Weirdness & Mutations

Your life essence is reduced to manifest your ancestor. (-10% HP)
Your spells are a little easier to cast, but a little less powerful.


Message History

The sun demon hits you!!
You are engulfed in flames!
* * * LOW HITPOINT WARNING * * *
You slip backwards!
The orc sorcerer hits the orange demon but does no damage.
Something stings Duvessa.
Duvessa blocks something's attack.
Casting: Summon Cactus Giant (dangerous; 4% risk of failure)
Confirm with . or Enter, or press ? or * to list all spells.
You erupt in a blast of force!
The mystic blast hits the sun demon!
The sun demon is heavily wounded.
The sun demon is knocked back by the mystic blast.
Unknown command.
The sun demon attacks as it pursues you!
The sun demon misses you.
Your cactus giant hits the orc sorcerer with a +0 giant spiked club!
The orc sorcerer dies!
The sun demon attacks as it pursues you!
The sun demon completely misses you.
The cyclops throws a large rock.
The large rock hits your cactus giant!!!
The sun demon hits you!
* * * LOW HITPOINT WARNING * * *
You are engulfed in flames!
* * * LOW HITPOINT WARNING * * *
You slip backwards!
The orc high priest shouts!
As you read the scroll of teleportation, it crumbles to dust.
You feel strangely unstable. The sun demon closely misses you.
Duvessa hits the orange demon with a +0 flail!
You feel much better. The orange demon stings you from afar.
* * * LOW HITPOINT WARNING * * *
The sun demon hits you!!
* * * LOW HITPOINT WARNING * * *
You are engulfed in flames!
* * * LOW HITPOINT WARNING * * *
You slip backwards!
You feel better. The sun demon hits you!
* * * LOW HITPOINT WARNING * * *
You are engulfed in flames!
You die...
Hepliaklqana delivers you to your ancestors.

#.....## ###........# #....#
#.....##### ##.###.....#####..##
#.#.......###....#.....#.##...##
##.....#....#.............#....#
...............#.........#....##
.......##...#................#.##
.#.....###.##..............##...#
......## #####.............#...##
.......# ##.)..@..............##
......## #....3................#
....### ##...44...._)..........
......## #...#.#.#..............
.......####..#.R.................
........##......C...).#..........
#.......###........o.).#..#.....#
##.......####..#.#.#.)).)........
####......###..###C.)............


You could see the friendly Duvessa the knight, an orc high priest (confused), a
sun demon (summoned, ally target) and 2 orange demons.

Vanquished Creatures
  A boulder beetle (D:11)
  2 two-headed ogres
  A death yak (Lair:4)
  Sonja (D:10)
  An orc high priest (Orc:2)
  Nergalle (Lair:2)
  A skyshark (Lair:3)
  Pikel (D:5)
  A lindwurm (Lair:5)
  An obsidian bat (Orc:1)
  An orc knight (Orc:2)
  An orc sorcerer (Orc:2)
  An ugly thing (D:11)
  Maurice (D:7)
  A cyclops (D:9)
  7 elephants
  A black mamba (Lair:4)
  A kobold blastminer (Orc:2)
  Joseph (D:7)
  5 komodo dragons
  3 cane toads
  An unseen horror (D:11)
  2 freezing wraiths (D:9)
  2 ice devils (D:9)
  3 trolls
  2 dream sheep (Lair:3)
  6 blink frogs
  Sigmund (D:2)
  4 wyverns
  A vampire (D:9)
  7 yaks
  A warg (D:11)
  A nameless horror (D:11)
  7 steam dragons
  Menkaure (D:7)
  2 acid dragons (D:11)
  5 water moccasins
  A black bear (D:5)
  An ice beast (D:7)
  9 orc warriors
  A sky beast (D:6)
  3 ogres
  7 wolves
  5 centaurs
  A phantom (D:6)
  2 kobold brigands
  7 bullfrogs
  3 scorpions
  4 wights
  A knight (Orc:2)
  10 killer bees
  7 howler monkeys
  2 electric eels (Lair:2)
  A lava snake (Lair:5)
  A bombardier beetle (D:7)
  2 hounds
  3 jellies (D:6)
  3 iguanas
  16 orc priests
  A sleepcap (D:5)
  Natasha (twice) (D:3)
  10 orc wizards
  A hell rat (Lair:3)
  Robin (D:3)
  A gnoll (D:1)
  10 adders
  2 shadow imps
  7 white imps (D:9)
  6 dart slugs
  3 ribbon worms
  46 orcs
  4 ball pythons
  10 endoplasms
  4 giant cockroaches
  21 goblins
  9 hobgoblins
  6 quokkas
  6 bats
  5 frilled lizards
  18 kobolds
  6 rats
349 creatures vanquished.

Vanquished Creatures (collateral kills)
  An orc warlord (Orc:2)
  A fire dragon (Lair:5)
  3 hydras
  3 boulder beetles
  3 two-headed ogres (Orc:2)
  2 skysharks
  A pharaoh ant (Lair:2)
  2 bog bodies (Lair:2)
  A lindwurm (Lair:2)
  2 orc knights
  2 orc sorcerers (Orc:2)
  A cyclops (D:11)
  An ugly thing (D:11)
  4 black mambas
  3 molten gargoyles (Lair:5)
  8 elephants
  9 cane toads
  2 torpor snails
  2 unseen horrors (D:11)
  12 komodo dragons
  2 trolls (Orc:2)
  4 dream sheep
  5 saltlings (Orc:2)
  A blink frog (Lair:1)
  5 slime creatures (D:12)
  A wraith (D:12)
  12 yaks
  3 wyverns
  A fire elemental (Lair:5)
  A steam dragon (D:9)
  A warg (Orc:2)
  2 basilisks (Lair:2)
  A redback (Lair:2)
  11 vampire mosquitoes
  11 water moccasins
  4 hell hounds (Lair:5)
  14 orc warriors
  A black bear (Lair:2)
  6 wolves
  3 ogres
  2 centaurs
  3 bullfrogs
  A scorpion (Lair:2)
  A wight (D:10)
  A nameless horror (Lair:3)
  4 lava snakes (Lair:5)
  5 orc priests
  6 hell rats (Lair:3)
  10 orc wizards
  29 orcs
  A goblin (D:8)
  5 hobgoblins (D:11)
  A butterfly (Lair:4)
221 creatures vanquished.

Vanquished Creatures (others)
  2 ancestors (D:8)
  19 knights
  65 fulminant prisms
86 creatures vanquished.

Grand Total: 656 creatures vanquished

Notes
Turn   | Place    | Note
-------+----------+-------------------------------------------
     0 | D:1      | Strat the Deep Elf Conjurer began the quest for the Orb.
     0 | D:1      | Reached XP level 1. HP: 10/10 MP: 6/6
   275 | D:1      | Reached XP level 2. HP: 15/15 MP: 5/8
   283 | D:1      | Learned a level 2 spell: Searing Ray
   789 | D:1      | Reached skill level 5 in Conjurations
   986 | D:1      | Reached XP level 3. HP: 15/19 MP: 0/10
  1484 | D:2      | Noticed Sigmund
  1576 | D:2      | Reached skill level 4 in Spellcasting
  2099 | D:2      | Killed Sigmund
  2100 | D:2      | Reached skill level 5 in Spellcasting
  2100 | D:2      | Reached XP level 4. HP: 12/24 MP: 4/13
  2100 | D:2      | Reached XP level 5. HP: 15/28 MP: 4/14
  2606 | D:3      | Noticed an ogre
  2870 | D:3      | Noticed Natasha
  2892 | D:3      | Killed Natasha
  2951 | D:3      | Reached XP level 6. HP: 32/32 MP: 13/16
  2976 | D:3      | Learned a level 4 spell: Fulminant Prism
  2981 | D:3      | Learned a level 4 spell: Iskenderun's Mystic Blast
  3413 | D:3      | Reached skill level 1 in Fighting
  3469 | D:3      | Noticed Robin
  3508 | D:3      | Killed Robin
  3509 | D:3      | Reached skill level 6 in Spellcasting
  3641 | D:3      | Noticed Natasha
  3647 | D:3      | Killed Natasha
  3741 | D:3      | Found a hazy altar of Hepliaklqana.
  3742 | D:3      | Found a blossoming altar of Fedhas.
  4118 | D:4      | Noticed a water moccasin
  4154 | D:4      | Killed a water moccasin
  4155 | D:4      | Reached XP level 7. HP: 38/38 MP: 10/19
  4571 | D:4      | Upgraded the game from 0.32-a0-705-g60f233581c to
                  | 0.32-a0-711-g016ad743e0
  4919 | D:5      | Entered Level 5 of the Dungeon
  4968 | D:5      | Learned a level 1 spell: Apportation
  4973 | D:5      | Learned a level 4 spell: Flame Wave
  5050 | D:5      | Reached skill level 7 in Spellcasting
  6009 | D:5      | Found Ytwibaxt's Serpentskin Sales.
  6122 | D:5      | Reached skill level 8 in Spellcasting
  6122 | D:5      | Reached XP level 8. HP: 45/45 MP: 16/22
  6231 | D:6      | Noticed Pikel
  6310 | D:5      | Killed Pikel
  6311 | D:5      | Reached skill level 9 in Spellcasting
  6850 | D:6      | Reached XP level 9. HP: 48/51 MP: 15/24
  6943 | D:6      | Reached skill level 10 in Spellcasting
  6943 | D:6      | Reached skill level 10 in Conjurations
  7620 | D:6      | Reached skill level 5 in Fighting
  7988 | D:3      | Became a worshipper of Hepliaklqana the Forgotten
  8127 | D:7      | Identified a scroll of acquirement
  8127 | D:7      | Acquired the ring of Isaosaq {rC+ AC+4 Dex+4}
  8171 | D:7      | Noticed Joseph
  8268 | D:7      | Noticed Menkaure
  8294 | D:7      | Identified the ring of Qoucocsi {Wiz rPois rCorr}
  8405 | D:7      | Learned a level 3 spell: Swiftness
  8811 | D:7      | Killed Joseph
  8999 | D:7      | Found a staircase to the Ecumenical Temple.
  9067 | D:7      | Found a transporter.
  9074 | D:7      | Noticed a centaur warrior
  9123 | D:7      | Found a transporter.
  9131 | D:7      | Found the +2 pair of slick slippers {slick, slippery, EV+4}
  9132 | D:7      | Found a burning altar of Makhleb.
  9137 | D:7      | Noticed Maurice
  9180 | D:7      | Killed Maurice
  9181 | D:7      | Reached XP level 10. HP: 56/61 MP: 19/26
  9309 | D:7      | Killed Menkaure
  9310 | D:7      | Reached skill level 5 in Stealth
  9379 | D:7      | Reached skill level 5 in Dodging
  9463 | D:8      | Reached * piety under Hepliaklqana
  9715 | D:8      | Found a runed translucent door.
  9717 | D:8      | Noticed a sixfirhy
  9818 | D:8      | Found an ornate altar of the Wu Jian Council.
 10223 | D:8      | Reached ** piety under Hepliaklqana
 10224 | D:8      | Remembered your ancestor Duvessa as a knight
 10226 | D:8      | Found Oquug's Antique Armour Shop.
 10560 | D:9      | Found Baepegryo's Antique Armour Emporium.
 10601 | D:9      | Noticed a cyclops
 10644 | D:9      | Learned a level 4 spell: Summon Lightning Spire
 10672 | D:9      | Noticed a two-headed ogre
 10687 | D:9      | Killed a two-headed ogre
 10895 | D:9      | Found a glowing golden altar of the Shining One.
 11102 | D:9      | Killed a cyclops
 11388 | D:9      | Reached XP level 11. HP: 59/62 MP: 17/27
 11579 | D:9      | Found the +8 frozen axe "Frostbite" {freeze, freezing
                  | cloud, *Noise Fly rC+}
 11672 | D:9      | Found a staircase to the Orcish Mines.
 11939 | D:10     | Entered Level 10 of the Dungeon
 11992 | D:10     | Noticed a two-headed ogre
 12093 | D:10     | Killed a two-headed ogre
 12280 | D:10     | Reached skill level 10 in Dodging
 12501 | D:10     | Noticed Sonja
 12517 | D:10     | Killed Sonja
 12592 | D:10     | Found a hide-covered altar of Uskayaw.
 12618 | D:10     | Reached *** piety under Hepliaklqana
 12665 | D:10     | Found a shimmering blue altar of Sif Muna.
 12835 | D:11     | Noticed a boulder beetle
 12844 | D:11     | Reached skill level 1 in Invocations
 13131 | D:11     | Found a portal to a secret trove of treasure.
 13462 | D:11     | Reached skill level 10 in Fighting
 13561 | D:11     | Noticed a green ugly thing
 13581 | D:11     | Killed a green ugly thing
 13815 | D:11     | Found a staircase to the Lair.
 13907 | D:11     | Noticed a red ugly thing
 14341 | D:11     | Killed a boulder beetle
 14342 | D:11     | Reached skill level 5 in Invocations
 14538 | D:11     | Killed a red ugly thing
 14775 | D:11     | Noticed an orc knight
 14820 | D:11     | Killed an orc knight
 14821 | D:11     | Reached XP level 12. HP: 70/70 MP: 12/28
 15306 | Lair:1   | Entered Level 1 of the Lair of Beasts
 15538 | Lair:1   | Reached **** piety under Hepliaklqana
 15922 | Lair:2   | Noticed a boulder beetle
 15924 | Lair:2   | Found a hole to the Spider Nest.
 16315 | Lair:2   | Killed a boulder beetle
 16671 | Lair:2   | Found a staircase to the Swamp.
 16703 | Lair:2   | Found a shadowy altar of Dithmenos.
 16947 | Lair:2   | Noticed Nergalle
 16987 | Lair:2   | Killed Nergalle
 17683 | Lair:2   | Upgraded the game from 0.32-a0-711-g016ad743e0 to
                  | 0.32-a0-779-g362cfcae2a
 17711 | Lair:3   | Reached skill level 1 in Summonings
 18269 | Lair:3   | Reached XP level 13. HP: 77/77 MP: 20/29
 18749 | Lair:3   | Reached skill level 11 in Spellcasting
 18757 | Lair:3   | Reached skill level 10 in Invocations
 19000 | Lair:3   | Reached ***** piety under Hepliaklqana
 19940 | Lair:4   | Reached skill level 5 in Summonings
 20491 | Lair:4   | Learned a level 3 spell: Mephitic Cloud
 20639 | Lair:4   | Reached skill level 12 in Spellcasting
 20901 | Lair:5   | Entered Level 5 of the Lair of Beasts
 21273 | Lair:5   | Learned a level 6 spell: Summon Cactus Giant
 22150 | Lair:5   | Found a staircase to the Slime Pits.
 22151 | Lair:5   | Found a viscous altar of Jiyva.
 22171 | Lair:5   | Reached skill level 13 in Spellcasting
 22648 | Lair:5   | Reached XP level 14. HP: 76/84 MP: 20/33
 23091 | Lair:5   | Found a large runed translucent door.
 23091 | Lair:5   | Found a large runed translucent door.
 24227 | D:12     | Found a hazy altar of Hepliaklqana.
 24489 | Orc:1    | Entered Level 1 of the Orcish Mines
 25245 | Orc:2    | Entered Level 2 of the Orcish Mines
 25245 | Orc:2    | Found a staircase to the Elven Halls.
 25541 | Orc:2    | Found a radiant altar of Vehumet.
 25785 | Orc:2    | Reached skill level 14 in Spellcasting
 25861 | Orc:2    | Found Lion's Jewellery Shoppe.
 25862 | Orc:2    | Noticed an orc warlord
 25901 | Orc:2    | Killed an orc warlord
 26184 | Orc:2    | Found a roughly hewn altar of Beogh.
 26422 | Orc:2    | Gained mutation: Your spells are a little easier to cast,
                  | but a little less powerful. [a neqoxec]
 26438 | Orc:2    | Mangled by a sun demon

Illustrated notes

Levels and vault maps discovered:
D:1:      matt_arrival_grand_opening, layout_loops_ring
D:2:      layout_loops_ring, minmay_bisected, uniq_sigmund
D:3:      layout_basic, gammafunk_temple_overflow_pools, uniq_natasha,
          uniq_robin
D:4:      nicolae_cairo_tiling, layout_basic
D:5:      layout_loops_ring, guppyfry_shop_venom
D:6:      cheibrodos_steamvent, layout_basic, minmay_door_square,
          chequers_avenue, uniq_pikel
D:7:      layout_rooms, gammafunk_temple_overflow_arena,
          minmay_temple_entry_tees, uniq_menkaure, uniq_joseph, uniq_maurice
D:8:      cheibrodos_shockbox, layout_basic, lemuel_tele_altar, serial_shops,
          nicolae_shop_stone, enter_bailey_5
D:9:      layout_cave_pools, mainiacjoe_overflow_alcove_2, orc_0_dummy,
          serial_shops, shop, hellmonk_guarded_unrand_frostbite
D:10:     layout_rooms, kennysheep_mini, led_sif_book, uniq_sonja
D:11:     cheibrodos_orc_bank, layout_stronghold, erik_lair_orcish_takeover,
          nicolae_trove_entry_crossroad
D:12:     minmay_evil_eye, layout_gridville, nicolae_twisting_strands,
          st_stairs_10, worldfamousw_hep_ancestral_shrine
D:13:     regret_index_tunnel_blossom, layout_rooms, serial_shops, shop,
          hangedman_decor_peaks_small
Lair:1:   wander_river, layout_big_grid, infiniplex_staircase_pool,
          serial_bayou_shore_b, lemuel_fruit_tree
Lair:2:   layout_cave_shapes, skrybe_swamp_entry_bodies,
          nicolae_spider_entry_lesser_pyramids, basic_altar, grunt_megastairs_2,
          serial_bayou_shore_b, serial_bayou_shore_a, uniq_nergalle
Lair:3:   layout_chaotic_city, st_stairs_9, grunt_megastairs_5
Lair:4:   layout_long_grid, lemuel_fruit_fields, infiniplex_staircase_pool_2
Lair:5:   cheibrodos_lair_end_hotspot, layout_gridlike, slime_entry_1,
          serial_forest, infiniplex_forest_lined_room_,
          infiniplex_forest_lined_4_way, infiniplex_forest_zigzag_1,
          infiniplex_forest_end_2, infiniplex_forest_clump_curved,
          infiniplex_forest_clump_long, infiniplex_forest_lined_room_3,
          infiniplex_forest_lined_ring, infiniplex_forest_end_1,
          infiniplex_forest_straight_2
Orc:1:    layout_diamond_mine
Orc:2:    hellmonk_orc_salted, layout_diamond_mine, basic_altar,
          kennysheep_orc_chapel

Skill      XL: |  1  2  3  4  5  6  7  8  9 10 11 12 13 14 |
---------------+-------------------------------------------+-----
Conjurations   | 5 6 7 8 9 10 | 10.0
Spellcasting   | 5 6 8 9 10 13 14 | 14.5
Fighting       | 1 2 3 6 8 10 12 13 | 13.6
Translocations | 2 |  2.0
Alchemy        | 2 |  2.0
Stealth        | 4 5 |  5.0
Dodging        | 4 9 10 12 | 12.0
Invocations    | 5 9 10 | 10.0
Summonings     | 2 7 8 |  8.0

Action                     |  1- 3 |  4- 6 |  7- 9 | 10-12 | 13-15 || total
---------------------------+-------+-------+-------+-------+-------++-------
  Melee: Dagger            |     8 |    14 |    23 |    18 |       ||    63
         Short sword       |       |       |       |    80 |   196 ||   276
   Cast: Magic Dart        |    18 |     1 |       |       |       ||    19
         Searing Ray       |    33 |    31 |    89 |    88 |     6 ||   247
         Fulminant Prism   |       |       |    18 |    47 |       ||    65
         Iskenderun's Myst |       |       |     2 |    13 |    22 ||    37
         Flame Wave        |       |       |       |    11 |     5 ||    16
         Summon Lightning  |       |       |       |    62 |    86 ||   148
         Mephitic Cloud    |       |       |       |       |    39 ||    39
         Summon Cactus Gia |       |       |       |       |    53 ||    53
 Invoke: Recall Ancestor   |       |       |       |     7 |    12 ||    19
         Ancestor Life: Kn |       |       |       |     1 |       ||     1
         Ancestor Identity |       |       |       |     1 |       ||     1
  Evoke: Wand              |       |       |     2 |     5 |       ||     7
    Use: Scroll            |       |       |    16 |    12 |     5 ||    33
         Potion            |       |       |     4 |     4 |     2 ||    10
   Stab: Sleeping          |       |     4 |       |       |     1 ||     5
         Distracted        |       |       |       |     1 |     2 ||     3
         Confused          |       |       |       |       |    13 ||    13
 Armour: Robe              |    20 |    30 |    55 |    57 |       ||   162
         Steam dragon scal |       |       |       |   110 |   136 ||   246
  Dodge: Dodged            |    19 |    36 |    83 |   277 |   318 ||   733

Table legend: (Time is in decaauts)
 A = Elapsed time spent in this place.
 B = Non-inter-level travel time spent in this place.
 C = Inter-level travel time spent in this place.
 D = Time resting spent in this place.
 E = Time spent auto-exploring this place.
 F = Levels seen in this place.
 G = Mean time per level.
                   A        B        C        D        E       F      G
               +--------+--------+--------+--------+--------+-----+--------+
         Total |  26548 |  25175 |   1373 |   4698 |  14118 |  20 | 1327.4 |
       Dungeon |  16287 |  15450 |    837 |   2669 |   9101 |  13 | 1252.8 |
          Lair |   8312 |   7779 |    533 |   1668 |   4016 |   5 | 1662.4 |
  Orcish Mines |   1948 |   1946 |      2 |    361 |   1001 |   2 |  974.0 |
               +--------+--------+--------+--------+--------+-----+--------+

Top non-repeatable levels by time:
  Lair:5: 2450 daAuts
    D:11: 2435 daAuts
  Lair:2: 2026 daAuts
  Lair:3: 1707 daAuts
     D:6: 1644 daAuts
     D:7: 1530 daAuts
     D:8: 1484 daAuts
     D:1: 1473 daAuts
     D:5: 1450 daAuts
  Lair:4: 1438 daAuts
     D:3: 1262 daAuts
   Orc:2: 1192 daAuts
     D:4: 1121 daAuts
     D:2: 1108 daAuts
     D:9: 1013 daAuts
